Match 45188912
Unlisted

Match 45188912
End
Construct Section Command Post
Infantry Section
Dingo Light Scout Car
Infantry Section
Infantry Section
Construct Platoon Command Post
Unlock Bishop Self-propelled Artillery
Bishop Self-propelled Artillery
Vickers Machine Gun Team
6-pounder Anti-tank Gun Team
Grenade Package
Bishop Self-propelled Artillery
Bishop Self-propelled Artillery
Light Vehicle Training
Selects Heavy Armor Battlegroup
Selects Rigorous Vehicle Training
Selects Forward Repair Assembly
6-pounder Anti-tank Gun Team
6-pounder Anti-tank Gun Team
Infantry Section
Selects Churchill Black Prince Heavy Tank
Churchill Black Prince Heavy Tank
Selects Light Vehicle Withdraw and Refit
6-pounder Anti-tank Gun Team
Team Weapon Training
Selects Light Vehicle Withdraw and Refit
Selects Radio Net
Selects Recon Artillery
Recon Artillery
Radio Net
Radio Net
Recon Artillery
Infantry Section
Churchill Black Prince Heavy Tank
Infantry Section
Radio Net
Recon Artillery
Made in Germany
KingNothing
VvvV
Binkie9
Phan
.
cumsader
Yumimora
0
0

Comments sign in to comment!

No comments posted yet!